 Dungeon Crawl Stone Soup version 0.30.1-4-g462c640d31 (webtiles) character file.

Game seed: 18309463418825794027

1789 pkoi the Carver (level 8, 0/67 (73) HPs)
             Began as a Minotaur Gladiator on Aug 29, 2023.
             Slain by a wight
             ... wielding a +3 spear
              (1 damage)
             ... on level 6 of the Dungeon.
             The game lasted 00:07:28 (4702 turns).

pkoi the Carver (Minotaur Gladiator)                Turns: 4702, Time: 00:07:29

HP:   0/67 (73)     AC:  7    Str: 27    XL:     8   Next: 82%
MP:   0/7           EV: 12    Int:  5    God:
Gold: 187           SH:  0    Dex: 12    Spells: 7/7 levels left

rFire   . . .        I - +3 long sword (freeze)
rCold   . . .        (no shield)
rNeg    . . .        l - +0 ring mail {rPois}
rPois   +            c - +0 hat
rElec   .            y - +0 cloak
rCorr   +            (no gloves)
SInv    .            (no boots)
Will    .....        f - amulet of guardian spirit
Stlth   +            o - +6 ring of strength
HPRegen 0.31/turn    u - ring of resist corrosion
MPRegen 0.10/turn

%: guardian spirit
@: drained
A: horns 2, retaliatory headbutt
a: no special abilities


You were on level 6 of the Dungeon.
You visited 1 branch of the dungeon, and saw 6 of its levels.

You collected 283 gold pieces.
You spent 96 gold pieces at shops.

Inventory:

Hand Weapons
 a - a +0 long sword of protection
 i - a +1 dagger of electrocution
 s - a +2 dagger of protection
 w - a +0 sling
 I - a +3 long sword of freezing (weapon)
Missiles
 d - 3 throwing nets (quivered)
 e - a javelin
Armour
 b - a +0 leather armour
 c - a +0 hat (worn)
 j - a +0 chain mail
 k - +1 fire dragon scales
 l - a +0 ring mail of poison resistance (worn)
 y - a +0 cloak (worn)
Jewellery
 f - an amulet of guardian spirit (around neck)
 o - a +6 ring of strength (left hand)
 u - a ring of resist corrosion (right hand)
 D - a ring of flight
 F - a ring of willpower
Wands
 t - a wand of iceblast (1)
 v - a wand of paralysis (3)
Scrolls
 n - a scroll of brand weapon
 p - a scroll of enchant armour
 q - 6 scrolls of teleportation
 B - a scroll of fog
 C - a scroll of fear
 E - a scroll of poison
 G - a scroll of identify
Potions
 g - 3 potions of haste
 h - 5 potions of lignification
 m - 3 potions of curing
 r - a potion of ambrosia
 x - 2 potions of attraction
 z - 3 potions of heal wounds
 A - a potion of resistance {unknown}
 H - a potion of brilliance {unknown}


   Skills:
 + Level 7.0 Fighting
 + Level 8.0 Long Blades
 - Level 2.0 Throwing
 + Level 6.4 Armour
 - Level 3.3 Dodging
 + Level 5.1 Evocations


You had 7 spell levels left.
You didn't know any spells.
Your spell library contained the following spells:

 Spells                   Type           Power      Damage    Failure   Level
 Slow                     Hex            0%         N/A       58%         1
 Confusing Touch          Hex            0%         N/A       92%         3
 Vampiric Draining        Necr           0%         2d6       92%         3
 Conjure Ball Lightning   Conj/Air       0%         3x3d6     100%        6
 Discord                  Hex            0%         N/A       100%        8
 Disjunction              Tloc           0%         N/A       100%        8


Dungeon Overview and Level Annotations

Branches:
Dungeon (6/15)
 Temple: D:4-7

Altars:
Kikubaaqudgha
Xom

Shops:
D:1 (   D:5 =(!


Innate Abilities, Weirdness & Mutations

You have a pair of horns on your head.
You reflexively headbutt those who attack you in melee.


Message History

You are too injured to fight recklessly!
You are too injured to fight recklessly!
You are too injured to fight recklessly!
You are too injured to fight recklessly!
You are too injured to fight recklessly!
You are too injured to fight recklessly!
You are too injured to fight recklessly!
You are too injured to fight recklessly!
You are too injured to fight recklessly!
You are too injured to fight recklessly!
You are too injured to fight recklessly!
You are too injured to fight recklessly!
You are too injured to fight recklessly!
You are too injured to fight recklessly!
You hit the wight but do no damage.
The wight is almost destroyed.
The wight hits you with a +5 scimitar of freezing!
You feel drained. The wight freezes you.
* * * LOW HITPOINT WARNING * * *
The wight barely misses you.
You slash the wight!
You destroy the wight!
The wight barely misses you.
Your Fighting skill increases to level 7!
Your Long Blades skill increases to level 8!
Found a book of Changes.
The wight hits you with a +3 spear!
* * * LOW HITPOINT WARNING * * *
You feel drained.
* * * LOW HITPOINT WARNING * * *
Things that are here:
a +5 scimitar of freezing; a +0 robe You hit the wight but do no damage.
The wight hits you with a +3 spear.
You feel drained.
You barely miss the wight. The wight closely misses you.
You hit the wight. You headbutt the wight!
The wight is almost destroyed.
The wight hits you with a +3 spear.
* * * LOW HITPOINT WARNING * * *
You feel drained.
You die...

#.............#....
#.#...........(......
.
.....................
.. ..##.............#
... #.............#
.... ##...$.......(..
..... #..)....##.....
#....:##[......###..
......z@.........
................#.
.............##.#
........#=.......
................
......(....>...#
...............#
#.............#


You could see a wight.

Vanquished Creatures
  Sigmund (D:4)
  Edmund (D:4)
  3 water moccasins
  A sky beast (D:6)
  An ice beast (D:6)
  An ogre (D:5)
  A kobold brigand (D:6)
  2 phantoms (D:5)
  Blork the orc (D:4)
  3 wights (D:6)
  A jelly (D:5)
  An orc priest (D:3)
  Jessica (D:2)
  Crazy Yiuf (D:3)
  Terence (D:2)
  An orc wizard (D:4)
  Natasha (twice) (D:3)
  Ijyb (D:4)
  4 gnolls (D:3)
  9 adders
  2 ufetubi (D:5)
  4 worms
  3 dart slugs
  9 orcs
  11 ball pythons
  7 endoplasms
  4 giant cockroaches
  6 goblins
  7 hobgoblins
  2 jackals (D:3)
  14 kobolds
  5 quokkas
  8 bats
  2 frilled lizards
  4 rats
125 creatures vanquished.

Vanquished Creatures (others)
  A human (D:4)
1 creature vanquished.

Grand Total: 126 creatures vanquished

Notes
Turn   | Place    | Note
-------+----------+-------------------------------------------
     0 | D:1      | pkoi the Minotaur Gladiator began the quest for the Orb.
     0 | D:1      | Reached XP level 1. HP: 18/18 MP: 0/0
    15 | D:1      | Reached skill level 4 in Long Blades
   243 | D:1      | Reached XP level 2. HP: 25/25 MP: 1/1
   501 | D:1      | Found Peachateu's Weapon Shop.
   790 | D:2      | Noticed Jessica
   799 | D:2      | Killed Jessica
   800 | D:2      | Reached skill level 1 in Armour
   800 | D:2      | Reached XP level 3. HP: 24/31 MP: 2/2
  1120 | D:2      | Noticed Terence
  1127 | D:2      | Killed Terence
  1128 | D:2      | Reached skill level 5 in Long Blades
  1128 | D:2      | Reached XP level 4. HP: 29/38 MP: 3/3
  1659 | D:3      | You fall into a shaft and drop 2 floors!
  1659 | D:5      | Entered Level 5 of the Dungeon
  1659 | D:5      | Found Upsacon's Jewellery Boutique.
  1668 | D:5      | Noticed a phantom
  1668 | D:5      | Noticed a water moccasin
  1680 | D:5      | Reached XP level 5. HP: 46/46 MP: 4/4
  1685 | D:5      | Killed a water moccasin
  1693 | D:5      | Killed a phantom
  1694 | D:5      | Reached skill level 6 in Long Blades
  1694 | D:5      | Reached XP level 6. HP: 36/53 MP: 1/5
  2044 | D:4      | Noticed a two-headed ogre
  2087 | D:5      | Found Ziwio's Distillery.
  2092 | D:5      | Noticed a water moccasin
  2098 | D:5      | Killed a water moccasin
  2099 | D:5      | Reached skill level 5 in Fighting
  2099 | D:5      | Reached skill level 1 in Evocations
  2117 | D:5      | Bought a potion of heal wounds for 60 gold pieces
  2117 | D:5      | Bought a potion of curing for 36 gold pieces
  2133 | D:5      | Reached XP level 7. HP: 39/61 MP: 3/6
  2447 | D:4      | Noticed Blork the orc
  2454 | D:4      | Killed Blork the orc
  2583 | D:4      | Found an ancient bone altar of Kikubaaqudgha.
  2586 | D:4      | Noticed a human
  2587 | D:4      | Killed a human
  2648 | D:4      | Noticed Ijyb
  2652 | D:4      | Noticed Edmund
  2662 | D:4      | Killed Ijyb
  2695 | D:4      | Killed Edmund
  2696 | D:4      | Reached skill level 5 in Armour
  3035 | D:4      | Noticed Sigmund
  3042 | D:4      | Killed Sigmund
  3043 | D:4      | Reached skill level 7 in Long Blades
  3043 | D:4      | Reached XP level 8. HP: 62/70 MP: 7/7
  3669 | D:3      | Found a shimmering altar of Xom.
  3754 | D:3      | Found a runed translucent door.
  3755 | D:3      | Noticed Crazy Yiuf
  3832 | D:3      | Noticed Natasha
  3849 | D:3      | Killed Natasha
  4029 | D:3      | Noticed Natasha
  4038 | D:3      | Killed Natasha
  4116 | D:3      | Killed Crazy Yiuf
  4392 | D:5      | Found Ilaymet's Weapon Shop.
  4609 | D:6      | Reached skill level 5 in Evocations
  4699 | D:6      | Reached skill level 8 in Long Blades
  4702 | D:6      | HP: 1/69 [wight/+3 spear (5)]
  4702 | D:6      | Slain by a wight

Illustrated notes

Levels and vault maps discovered:
D:1:      dpeg_arrival_simpleton_c, layout_basic, serial_shops,
          nicolae_lakefront_shop, corner_web_ring
D:2:      minmay_chambers_of_ones, layout_loops_cross, uniq_terence,
          uniq_jessica
D:3:      layout_loops_cross, lemuel_round_altar, serial_park_tiny_1,
          serial_park_tiny_1, uniq_natasha, uniq_crazy_yiuf_cottage
D:4:      layout_loops_corners, tgw_kikubaaqudgha,
          nicolae_elevator_lobby_asterisk, uniq_sigmund, uniq_edmund,
          uniq_blork_the_orc, uniq_ijyb
D:5:      layout_rooms, serial_shops, nicolae_shop_statue_plus, shop,
          kennysheep_mini_moat
D:6:      layout_cave_pools

Skill      XL: |  1  2  3  4  5  6  7  8 |
---------------+-------------------------+-----
Long Blades    | 4 5 6 7 8 |  8.0
Fighting       | 3 4 5 6 7 |  7.0
Armour         | 1 2 3 4 5 6 |  6.4
Evocations     | 1 3 5 |  5.1
Throwing       | |  2.0
Dodging        | |  3.3

Action                     |  1- 3 |  4- 6 |  7- 9 || total
---------------------------+-------+-------+-------++-------
  Melee: Long sword        |    15 |       |   197 ||   212
         Headbutt          |     7 |    11 |    47 ||    65
         Dagger            |    47 |    62 |     1 ||   110
  Evoke: Wand              |       |       |     7 ||     7
    Use: Scroll            |     1 |     4 |     9 ||    14
   Stab: Paralysed         |       |       |    10 ||    10
 Armour: Leather armour    |     6 |       |       ||     6
         Chain mail        |    23 |    33 |    45 ||   101
         Ring mail         |       |       |    55 ||    55
  Dodge: Dodged            |    34 |    23 |   119 ||   176
